Map: Ulzaan

Players

LonelyLight

  • Race: Protoss Protoss
  • League: Diamond
  • Spawn Location: 11:00

Zegend

  • Race: Protoss Protoss
  • Spawn Location: 9:00

OpuS - Winner!

  • Race: Protoss Protoss
  • League: Diamond
  • Spawn Location: 1:00

Sketchaphone - Winner!

  • Race: Zerg Zerg
  • League: Gold
  • Spawn Location: 3:00

VOD

Have the link to the VOD?

Description

Time

  • Played on: Jan. 21, 2019, 5:58 p.m.
  • Length: 13:54
Show
View Real Time Build Order
Export as new Build Order

LonelyLight Protoss 

Build Orders:  

Get SALT Encoding   

  12  0:11  Probe  
  13  0:19  Pylon, Probe  
  13  0:28  Probe  
  15  0:39  Probe  
  16  0:46  Gateway  
  16  0:50  Assimilator  
  16  0:53  Probe  
  17  1:05  Probe  
  18  1:17  Probe  
  19  1:27  Gateway  
  19  1:29  Probe  
  19  1:31  Pylon  
  20  1:36  Cybernetics Core  
  20  1:41  Probe  
  20  1:44  Assimilator  
  21  1:59  Probe  
  22  2:14  Probe  
  23  2:17  Adept x2, Warp Gate  
  27  2:26  Probe  
  27  2:28  Twilight Council  
  28  2:33  Pylon  
  28  2:38  Probe  
  29  2:50  Probe  
  30  2:59  Resonating Glaives  
  30  3:02  Probe  
  31  3:15  Probe  
  31  3:16  Adept x2  
  36  3:26  Pylon  
  36  3:40  Nexus  
  36  3:41  Probe  
  36  3:43  Pylon  
  37  3:49  Probe  
  38  3:59  Probe  
  39  4:11  Adept x2  
  39  4:12  Probe  
  44  4:20  Probe  
  44  4:30  Probe  
  45  4:32  Gateway  
  45  4:35  Gateway  
  46  4:42  Probe  
  47  4:48  Adept x2  
  51  4:54  Probe  
  51  4:56  Forge  
  51  4:59  Assimilator  
  52  5:01  Probe  
  52  5:03  Assimilator  
  53  5:12  Stalker x2  
  57  5:29  Protoss Ground Weapons Level 1  
  57  5:30  Probe x2  
  57  5:33  Adept x2  
  63  5:42  Probe x2  
  67  5:57  Probe x2  
  67  6:09  Probe x2  
  69  6:21  Probe x2  
  69  6:25  Pylon  
  65  6:29  Blink  
  58  6:33  Probe  
  58  6:35  Stalker x3  
  58  6:36  Stalker  
  59  6:48  Pylon  
  59  6:49  Pylon, Probe x2  
  59  6:51  Pylon  
  61  7:01  Stalker x3, Probe  
  62  7:04  Stalker  
  70  7:12  Nexus  
  70  7:13  Pylon  
  70  7:17  Probe x2  
  72  7:23  Templar Archives  
  72  7:24  Protoss Ground Armor Level 1  
  72  7:29  Probe  
  73  7:30  Stalker x4  
  81  7:55  Stalker x2  
  81  7:56  Stalker x2  
  89  8:00  Probe x2  
  89  8:03  Assimilator  
  91  8:06  Psionic Storm  
  91  8:07  Assimilator  
  91  8:12  Probe x2  
  93  8:24  Probe  
  94  8:30  Pylon  
  94  8:32  Pylon x2, Probe x2  
  94  8:33  Pylon  
  96  8:37  Probe  
  95  8:42  High Templar x4  
  95  8:44  Probe  
  104  8:53  Archon  
  104  8:54  Archon  
  104  9:18  Protoss Ground Weapons Level 2, High Templar x4  
  112  9:30  Gateway  
  112  9:31  Gateway  
  112  9:33  Gateway  
  112  9:36  Pylon  
  112  9:41  Probe x3  
  115  9:53  Probe x2  
  117  10:05  High Templar x3, Charge  
  123  10:07  High Templar  
  125  10:28  Nexus  
  104  11:02  Zealot x6  
  104  11:03  Zealot  
  118  11:14  Pylon  
  118  11:16  Pylon  
  118  11:17  Probe x3  
  121  11:22  Assimilator  
  121  11:26  High Templar x6, Assimilator  
  121  11:27  High Templar  
  121  11:29  Probe x2  
  121  11:30  Archon x2  
  121  11:31  Archon  
  107  12:16  Zealot x3  
  107  12:17  Zealot x3  
  107  12:18  Zealot  
  115  12:48  Stalker x3  
  115  12:49  Stalker x4  
  117  12:57  Archon  
  77  13:12  Gateway  
  75  13:13  Gateway  
  75  13:15  Gateway  
  75  13:16  Gateway  
  75  13:19  Gateway  
  75  13:20  Stalker x3  
  75  13:21  Stalker x3  
Show
View Real Time Build Order
Export as new Build Order

Zegend Protoss 

Build Orders: Double Forge 

Get SALT Encoding   

  12  0:02  Probe  
  13  0:14  Probe  
  13  0:19  Pylon  
  14  0:26  Probe  
  15  0:37  Probe  
  15  0:38  Gateway  
  16  0:45  Probe  
  17  0:51  Assimilator  
  17  0:54  Probe  
  18  1:09  Gateway  
  18  1:16  Probe  
  19  1:28  Probe  
  19  1:29  Cybernetics Core  
  20  1:40  Probe  
  20  1:41  Pylon  
  21  1:52  Probe  
  22  2:04  Probe  
  22  2:05  Adept  
  25  2:09  Warp Gate  
  25  2:12  Assimilator  
  25  2:16  Probe  
  26  2:22  Adept  
  26  2:23  Gateway  
  28  2:49  Twilight Council  
  28  2:53  Adept  
  30  3:15  Pylon  
  30  3:30  Adept  
  30  3:31  Robotics Facility  
  32  3:34  Adept  
  31  4:06  Charge  
  31  4:13  Nexus  
  31  4:14  Probe  
  31  4:15  Pylon  
  31  4:21  Observer  
  31  4:22  Probe  
  34  4:32  Probe  
  35  4:44  Probe  
  36  4:46  Forge  
  36  4:48  Gateway  
  36  4:55  Forge  
  36  5:02  Probe  
  29  5:14  Probe  
  30  5:26  Probe  
  31  5:32  Probe  
  32  5:36  Blink  
  32  5:38  Probe  
  33  5:44  Probe  
  33  5:45  Pylon  
  34  5:50  Probe  
  34  5:56  Probe  
  36  6:02  Probe  
  37  6:05  Assimilator  
  37  6:06  Assimilator  
  37  6:08  Probe  
  38  6:15  Probe  
  39  6:20  Probe  
  40  6:27  Probe  
  39  6:34  Protoss Ground Weapons Level 1  
  39  6:35  Protoss Ground Armor Level 1  
  39  6:39  Probe  
  34  6:47  Stalker  
  34  6:48  Stalker x3  
  42  7:05  Immortal  
  46  7:12  Probe  
  47  7:15  Probe  
  48  7:24  Probe  
  48  7:28  Probe  
  50  7:30  Photon Cannon  
  50  7:36  Stalker x3  
  50  7:37  Probe  
  54  7:40  Probe  
  54  7:42  Immortal  
  48  7:46  Stalker  
  52  7:53  Probe x2  
  54  8:05  Probe x2  
  52  8:36  Immortal  
  52  8:38  Stalker  
  52  8:39  Stalker  
  60  8:42  Probe  
  60  8:45  Probe  
  62  8:53  Stalker  
  62  8:54  Probe  
  61  8:59  Nexus  
  61  9:05  Protoss Ground Weapons Level 2  
  61  9:08  Probe x2  
  62  9:20  Probe x2  
  64  9:32  Probe x2  
  64  9:37  Gateway  
  66  9:38  Gateway  
  66  9:44  Probe  
  67  9:47  Pylon  
  67  9:58  Pylon  
  67  10:05  Immortal  
  71  10:14  Templar Archives  
  71  10:28  Gateway  
  67  10:30  Zealot x2, Gateway  
  67  10:32  Gateway  
  67  10:44  Immortal  
  67  10:47  Stalker  
  67  10:48  Stalker x3  
  74  10:58  Stalker x2  
  78  11:16  Probe  
  79  11:19  Probe x2  
  79  11:23  Immortal  
  85  11:29  Probe  
  85  11:31  Probe x2  
  88  11:34  Pylon  
  88  11:36  Pylon  
  75  12:01  Zealot x2  
  75  12:02  Zealot x5  
  75  12:03  Zealot x2  
  75  12:08  Warp Prism  
  57  12:51  Stalker x2  
  57  12:52  Stalker x3  
  57  12:53  Stalker x2  
  62  13:24  Zealot  
  62  13:25  Zealot x5  
Show
View Real Time Build Order
Export as new Build Order

OpuS Protoss - Winner!

Build Orders: 1 Gate Expand, Oracle Opening, Carriers 

Get SALT Encoding   

  12  0:01  Probe  
  13  0:13  Probe  
  14  0:19  Pylon  
  14  0:25  Probe  
  15  0:35  Probe  
  15  0:38  Gateway  
  16  0:43  Probe  
  17  0:51  Probe  
  17  0:52  Assimilator  
  18  1:03  Probe  
  19  1:11  Probe  
  20  1:19  Probe  
  21  1:39  Nexus  
  21  1:48  Probe  
  21  1:51  Cybernetics Core  
  22  1:59  Probe  
  23  2:07  Forge  
  23  2:09  Pylon  
  23  2:25  Probe  
  23  2:26  Assimilator  
  23  2:29  Stargate  
  24  2:42  Pylon  
  24  2:56  Probe x2  
  26  3:05  Pylon  
  26  3:07  Warp Gate  
  26  3:08  Stalker  
  28  3:17  Oracle  
  28  3:20  Photon Cannon  
  28  3:25  Photon Cannon  
  31  3:29  Probe  
  31  3:32  Probe  
  33  3:41  Probe  
  33  3:44  Probe  
  35  4:02  Pylon  
  35  4:05  Phoenix  
  37  4:10  Probe x2, Stargate  
  38  4:22  Probe  
  39  4:26  Probe  
  39  4:30  Photon Cannon  
  40  4:34  Probe  
  40  4:35  Phoenix  
  40  4:38  Probe  
  44  4:46  Probe  
  44  4:50  Probe  
  46  4:59  Probe  
  47  5:02  Probe  
  48  5:10  Phoenix x2  
  48  5:11  Probe  
  49  5:14  Probe  
  54  5:23  Probe, Assimilator  
  54  5:26  Probe  
  56  5:28  Assimilator  
  56  5:31  Pylon  
  56  5:35  Probe, Phoenix  
  57  5:36  Cybernetics Core  
  57  5:39  Phoenix  
  57  5:40  Probe  
  62  5:47  Probe  
  63  6:03  Phoenix  
  65  6:13  Shield Battery  
  65  6:17  Phoenix  
  67  6:18  Shield Battery  
  67  6:21  Photon Cannon  
  67  6:32  Phoenix  
  69  6:42  Phoenix  
  71  6:55  Nexus  
  71  6:57  Pylon  
  71  6:59  Protoss Air Weapons Level 1, Pylon  
  71  7:00  Protoss Air Armor Level 1  
  71  7:03  Assimilator  
  71  7:07  Assimilator  
  71  7:08  Twilight Council  
  71  7:11  Probe x2  
  73  7:23  Probe  
  74  7:48  Probe  
  74  7:49  Probe  
  74  7:50  Charge  
  76  7:54  Fleet Beacon  
  76  7:56  Gateway  
  76  7:58  Gateway  
  76  8:01  Probe x2  
  76  8:03  Gateway  
  76  8:05  Gateway  
  78  8:08  Gateway  
  78  8:09  Gateway  
  78  8:10  Phoenix x2  
  82  8:13  Probe x2, Protoss Shields Level 1, Gateway  
  84  8:24  Probe  
  84  8:25  Probe  
  84  8:26  Probe  
  87  8:36  Probe  
  87  8:37  Probe  
  89  8:58  Probe x3  
  92  9:03  Anion Pulse-Crystals  
  92  9:05  Carrier x2  
  104  9:10  Probe x2  
  104  9:14  Probe  
  107  9:22  Probe, Gateway  
  108  9:25  Gateway  
  108  9:28  Gateway  
  108  9:30  Gateway  
  108  9:38  Pylon  
  108  9:42  Stargate  
  108  9:48  Stargate  
  108  10:06  Protoss Air Weapons Level 2  
  108  10:07  Protoss Air Armor Level 2  
  108  10:24  Nexus  
  108  10:27  Pylon, Gateway  
  108  10:29  Pylon  
  108  10:30  Pylon  
  108  10:32  Pylon, Gateway  
  108  10:34  Assimilator  
  108  10:38  Assimilator, Gateway  
  108  10:45  Gateway  
  102  10:57  Zealot x3  
  102  10:58  Zealot x6  
  102  10:59  Zealot x3  
  132  11:04  Carrier x3  
  132  11:09  Pylon  
  144  11:11  Pylon  
  144  11:13  Pylon  
  144  11:27  Carrier  
  150  11:44  Stargate  
  150  11:46  Stargate  
  150  11:58  Probe x2  
  150  11:59  Probe x2  
  154  12:07  Zealot x4  
  154  12:08  Zealot x4  
  164  12:09  Zealot x2  
  164  12:11  Zealot  
  164  12:12  Zealot  
  164  12:13  Zealot x2  
  164  12:14  Zealot  
  184  12:39  Carrier  
  152  12:52  Zealot x3  
  152  12:53  Zealot x4  
  152  12:54  Zealot x3  
  152  12:55  Zealot x3  
  184  13:16  Probe x3  
  184  13:17  Probe  
  176  13:37  Probe x4  
Show
View Real Time Build Order
Export as new Build Order

Sketchaphone Zerg - Winner!

Build Orders: Hatch First 

Get SALT Encoding   

  12  0:01  Drone  
  13  0:12  Overlord  
  13  0:18  Drone  
  14  0:22  Extractor  
  14  0:23  Drone  
  15  0:32  Drone  
  16  0:40  Drone  
  17  0:58  Hatchery  
  17  1:00  Drone  
  17  1:02  Extractor  
  17  1:03  Drone  
  17  1:13  Drone  
  18  1:24  Drone  
  19  1:29  Spawning Pool  
  19  1:30  Drone  
  19  1:41  Drone  
  20  1:50  Overlord  
  20  2:04  Drone  
  21  2:16  Metabolic Boost  
  21  2:24  Roach Warren, Drone x2  
  21  2:27  Queen  
  24  2:34  Zergling x2  
  25  2:39  Drone  
  26  2:49  Drone  
  27  3:01  Spine Crawler  
  27  3:03  Spine Crawler  
  24  3:07  Overlord, Drone  
  24  3:11  Roach x3  
  24  3:12  Roach  
  33  3:21  Roach  
  33  3:23  Overlord  
  35  3:43  Drone x3  
  38  3:50  Drone x2  
  38  3:51  Queen  
  42  3:56  Zergling x2  
  42  3:59  Overlord  
  42  4:00  Drone  
  44  4:19  Hatchery  
  44  4:21  Overlord, Drone  
  44  4:36  Zergling x2  
  45  4:39  Overlord  
  45  4:40  Drone  
  46  4:47  Extractor  
  46  4:48  Overlord  
  46  4:49  Drone x2  
  46  4:51  Drone  
  48  4:55  Queen  
  50  5:04  Drone  
  51  5:09  Evolution Chamber x2  
  49  5:15  Roach  
  49  5:16  Roach x3  
  57  5:22  Lair  
  57  5:30  Pneumatized Carapace  
  57  5:48  Roach x3  
  57  5:49  Roach  
  67  5:50  Roach  
  67  5:51  Drone x3  
  69  6:09  Spine Crawler  
  68  6:14  Drone x5  
  68  6:16  Queen  
  68  6:17  Drone  
  68  6:18  Drone  
  69  6:30  Drone x2  
  71  6:45  Drone x2  
  71  6:46  Ravager  
  73  6:50  Drone x3  
  73  6:52  Drone x2  
  73  6:53  Overlord, Drone x3  
  81  6:59  Zerg Ground Armor Level 1  
  81  7:00  Zerg Missile Weapons Level 1  
  81  7:05  Extractor  
  81  7:06  Extractor  
  79  7:09  Drone  
  79  7:10  Overlord  
  79  7:15  Spore Crawler  
  79  7:16  Glial Reconstitution  
  79  7:33  Hatchery  
  79  7:34  Drone x2  
  79  7:35  Overlord  
  80  7:39  Roach x8  
  96  7:53  Hydralisk Den  
  96  7:58  Evolution Chamber  
  87  8:33  Grooved Spines  
  73  8:39  Zerg Melee Weapons Level 1  
  73  8:42  Roach x4, Infestation Pit  
  73  8:44  Roach x2  
  73  8:45  Roach x2, Hydralisk x4  
  73  8:46  Zergling x2  
  73  8:47  Drone x2  
  73  8:48  Overlord x2  
  99  8:49  Zergling x2  
  99  8:53  Queen, Extractor  
  101  8:56  Extractor  
  100  9:10  Queen  
  102  9:23  Hydralisk x2  
  106  9:36  Infestor x2  
  106  9:37  Hydralisk x2  
  106  9:38  Hydralisk x2  
  116  9:39  Roach x2, Drone  
  116  9:40  Overlord, Drone x2  
  116  9:41  Roach  
  116  9:45  Zerg Missile Weapons Level 2  
  127  9:58  Zerg Ground Armor Level 2  
  127  10:04  Drone x3  
  93  10:58  Hydralisk x5  
  93  10:59  Hydralisk  
  93  11:01  Zergling x28  
  117  11:18  Hydralisk  
  117  11:19  Hydralisk x4  
  117  11:22  Swarm Host x2  
  117  11:24  Overlord x2  
  133  11:30  Zerg Melee Weapons Level 2  
  119  12:03  Burrow  
  95  12:15  Roach  
  95  12:16  Roach x24  
  137  12:35  Hydralisk x3  
  135  12:48  Ravager  
  135  12:49  Overlord  
  126  13:14  Ravager  
  126  13:16  Zergling x34  
Tags
 
Add a new tag
Caveats
  • Supply blocks, unpowered buildings, or Contaminate may cause inaccurate times.
  • Supply counts are checked every 10 seconds.